 Dungeon Crawl Stone Soup version 0.20.1-1-g8b1a95d (webtiles) character file.

148 tmwrnj the Skirmisher (level 5, -13/47 HPs)
             Began as a Hill Orc Fighter on Sept 21, 2017.
             Killed from afar by Ijyb (21 damage)
             ... with a wand of lightning (?/15)
             ... on level 3 of the Dungeon.
             The game lasted 00:04:16 (2331 turns).

tmwrnj the Skirmisher (Hill Orc Fighter)            Turns: 2331, Time: 00:04:18

Health: -13/47     AC:  7    Str: 19    XL:     5   Next: 30%
Magic:  5/5        EV:  7    Int:  8    God:
Gold:   127        SH:  9    Dex: 11    Spells: 4/4 levels left

rFire    . . .     SeeInvis .   a - +0 flail
rCold    . . .     Gourm    .   c - +0 shield
rNeg     . . .     Faith    .   b - +0 scale mail
rPois    .         Spirit   .   (no helmet)
rElec    .         Reflect  .   (no cloak)
rCorr    .         Harm     .   (no gloves)
MR       .....                  (no boots)
Stlth    ..........             (no amulet)
Regen    0.2/turn               (no ring)
MPRegen  0.1/turn               (no ring)

@: no status effects
A: no striking features
a: no special abilities


You were on level 3 of the Dungeon.
You were not hungry.

You visited 1 branch of the dungeon, and saw 3 of its levels.

You collected 127 gold pieces.

Inventory:

Hand Weapons
 a - a +0 flail (weapon)
 i - a +0 mace
Armour
 b - a +0 scale mail (worn)
 c - a +0 shield (worn)
 l - a +0 helmet
Scrolls
 e - 2 scrolls of teleportation {unknown}
 h - a scroll of amnesia {unknown}
 j - a scroll of enchant weapon {unknown}
 k - 4 scrolls of identify {unknown}
 m - a scroll of remove curse {unknown}
 n - 2 scrolls of fog {unknown}
 q - a scroll of blinking {unknown}
 r - a scroll of noise {unknown}
 t - a scroll of immolation {unknown}
Potions
 d - a potion of might
 o - 2 potions of flight {unknown}
 p - a potion of heal wounds {unknown}
Comestibles
 f - 2 bread rations
 g - 3 meat rations
 s - 3 chunks of flesh


   Skills:
 + Level 4.3 Fighting
 + Level 3.7 Maces & Flails
 + Level 4.3 Armour
 + Level 0.5 Dodging
 + Level 4.0 Shields


You had 4 spell levels left.
You didn't know any spells.

Dungeon Overview and Level Annotations

Branches:
Dungeon (3/15)

Altars:
Ashenzari
Zin

Annotations:
D:2 1 runed door
D:3 Ijyb


Message History

HP restored.
Found a scimitar.
Found a scroll labeled OFAIMO ZUOQO.
g - 3 meat rations (gained 1)
k - 4 scrolls labeled OFAIMO ZUOQO (gained 1)
Found a trident.
t - a scroll labeled YTOOTU XYOMOM Ijyb the Twisted Goblin comes into view.
She is wielding a dagger.
Ijyb shouts!
Ijyb zaps a wand.
The bolt of lightning hits you!
It is a wand of lightning (?/15).
Found 9 gold pieces.
A rat comes into view.
You see here 9 gold pieces.
A giant cockroach comes into view.
Ijyb zaps a wand.
The bolt of lightning hits you!
* * * LOW HITPOINT WARNING * * *
A dart slug comes into view.
Ijyb zaps a wand.
The bolt of lightning hits you!
You die...

#..... ##### .....
....# #.... ....#
...# ....### #..##
......#
######...####
##.##.#
............#
...##.#########..#
#####.....#....#@##
####...##.#.##.#..#
........#....#.##.#
..##....######....g
...#....# ####..#
........# ##.#
..####### rs ..#
..# ### .w#


You could see Ijyb, a giant cockroach and a rat.

Vanquished Creatures
  Natasha (D:3)
  Robin (D:2)
  A gnoll (D:1)
  4 adders (D:2)
  2 oozes
  A worm (D:3)
  A dart slug (D:1)
  4 bats
  5 giant cockroaches
  14 goblins
  5 hobgoblins
  2 kobolds
  3 frilled lizards
  10 rats
54 creatures vanquished.

Notes
Turn   | Place    | Note
-------+----------+-------------------------------------------
     0 | D:1      | tmwrnj the Hill Orc Fighter began the quest for the Orb.
     0 | D:1      | Reached XP level 1. HP: 19/19 MP: 1/1
    94 | D:1      | Reached XP level 2. HP: 27/27 MP: 2/2
   426 | D:1      | Reached XP level 3. HP: 15/33 MP: 3/3
  1376 | D:2      | Reached XP level 4. HP: 40/40 MP: 4/4
  1544 | D:2      | Found a shattered altar of Ashenzari.
  1545 | D:2      | Found a glowing silver altar of Zin.
  1608 | D:2      | Found a runed door.
  1658 | D:2      | Noticed Robin
  1697 | D:2      | Killed Robin
  2117 | D:3      | Reached XP level 5. HP: 38/46 MP: 5/5
  2207 | D:3      | Noticed Natasha
  2230 | D:3      | Killed Natasha
  2328 | D:3      | Noticed Ijyb
  2331 | D:3      | Killed from afar by Ijyb

Skill      XL: |  1  2  3  4  5 |
---------------+----------------+-----
Fighting       | 4 |  4.3
Maces & Flails | 3 |  3.7
Armour         | 4 |  4.3
Shields        | 4 |  4.0
Dodging        | |  0.5

Action                   |  1- 3 |  4- 6 || total
-------------------------+-------+-------++-------
Melee: Flail             |   105 |   112 ||   217
  Eat: Chunk             |     2 |     3 ||     5
Armor: Scale mail        |    50 |    46 ||    96
Dodge: Dodged            |    39 |    34 ||    73
Block: Shield            |    46 |    77 ||   123
